 Dungeon Crawl Stone Soup version 0.28-a0-1286-g6bde065e89 (webtiles) character file.

Game seed: 12552895496024864081

23515 traveller the Cleaver (level 12, -11/91 (95) HPs)
             Began as a Vampire Wanderer on Dec 26, 2021.
             Was a High Priest of Okawaru.
             Mangled by Snorg (12 damage)
             ... on level 5 of the Lair of Beasts.
             The game lasted 00:47:54 (17070 turns).

traveller the Cleaver (Vampire Wanderer)           Turns: 17070, Time: 00:47:55

HP:   -11/91 (95)   AC: 24    Str: 19    XL:     12   Next: 72%
MP:   9/16          EV:  8    Int: 13    God:    Okawaru [*****.]
Gold: 879           SH:  0    Dex: 12    Spells: 11/11 levels left

rFire   . . .      SeeInvis +   M - +1 battleaxe (flame)
rCold   . . .      Faith    .   (shield currently unavailable)
rNeg    . . .      Spirit   .   l - +0 plate armour
rPois   .          Reflect  .   s - +0 helmet
rElec   .          Harm     .   K - +0 cloak
rCorr   .          Rampage  .   q - +2 pair of gloves
Will    +....                   c - +0 pair of boots
Stlth   ..........              (no amulet)
HPRegen 0.45/turn               (no ring)
MPRegen 0.15/turn               (no ring)

@: heroic, finesse-ful, healing quickly, lightly drained
A: alive, fangs 3, see invisible, vampiric 2
a: Exsanguinate, Renounce Religion, Heroism, Finesse, Duel


You were on level 5 of the Lair of Beasts.
You worshipped Okawaru.
Okawaru was extremely pleased with you.
You visited 2 branches of the dungeon, and saw 14 of its levels.

You collected 879 gold pieces.

Inventory:

Hand Weapons
 a - a +1 war axe
 o - a +0 morningstar
 A - a +3 war axe of flaming
 E - the +9 short sword of Tenacity {vorpal, rElec MP+9 Int-4}
   (You took it off an orc wizard on level 9 of the Dungeon)

   It inflicts extra damage upon your enemies.
   Int:       It affects your intelligence (-4).
   rElec:     It insulates you from electricity.
   MP:        It affects your magic capacity (+9).
 F - the +0 broad axe of Zannio {vamp, rPois Int+4}
   (Okawaru gifted it to you on level 1 of the Lair of Beasts)

   It occasionally heals its wielder for a portion of the damage dealt when it
   wounds a living foe.
   Int:       It affects your intelligence (+4).
   rPois:     It protects you from poison.
 J - the +6 triple crossbow of Integrity {flame, rPois Str+4 SInv}
   (Okawaru gifted it to you on level 2 of the Lair of Beasts)

   Any ammunition fired from it burns those it strikes, dealing additional fire
   damage.
   Str:       It affects your strength (+4).
   rPois:     It protects you from poison.
   SInv:      It lets you see invisible.
 M - a +1 battleaxe of flaming (weapon)
Missiles
 f - 503 stones (quivered)
 D - 4 throwing nets
Armour
 c - a +0 pair of boots (worn)
 d - a +0 leather armour
 j - a +0 ring mail
 l - a +0 plate armour (worn)
 q - a +2 pair of gloves (worn)
 s - a +0 helmet (worn)
 B - +0 steam dragon scales
 K - a +0 cloak (worn)
Jewellery
 k - a ring of fire
 n - a ring of ice
 p - a ring of magical power
 t - a ring of wizardry
 x - the ring "Puriw" {rC- EV+4 Int+4}
   (You found it on level 9 of the Dungeon)

   [ring of evasion]

   EV:        It affects your evasion (+4).
   Int:       It affects your intelligence (+4).
   rC:        It makes you vulnerable to cold.
 G - a ring of positive energy
Wands
 v - a wand of flame (42)
Scrolls
 b - 2 scrolls of vulnerability
 e - 6 scrolls of teleportation
 u - 2 scrolls of silence
 y - 4 scrolls of blinking
 z - a scroll of fog
 H - 4 scrolls of identify
Potions
 g - a potion of mutation
 h - a potion of heal wounds
 i - 3 potions of lignification
 m - 2 potions of curing
 r - a potion of cancellation
 w - a potion of flight
 C - 2 potions of brilliance
 I - a potion of haste


   Skills:
 - Level 9.1(14.1) Fighting
 - Level 14.4(19.4) Axes
 - Level 8.5(13.5) Armour
 - Level 1.1(6.1) Dodging
 - Level 1.5(6.5) Stealth
 + Level 6.5 Invocations


You had 11 spell levels left.
You didn't know any spells.
Your spell library contained the following spells:

 Spells                   Type           Power      Damage    Failure   Level
 Slow                     Hex            0%         N/A       99%         1
 Static Discharge         Conj/Air       0%         N/A       100%        2
 Confusing Touch          Hex            0%         N/A       100%        3
 Ozocubu's Armour         Ice            0%         N/A       100%        3
 Portal Projectile        Hex/Tloc       0%         N/A       100%        3
 Vampiric Draining        Necr           0%         2d6       100%        3
 Dispel Undead            Necr           0%         3d6       100%        4
 Sticky Flame             Conj/Fire      0%         2d3       100%        4
 Blade Hands              Tmut           0%         N/A       100%        5
 Excruciating Wounds      Necr           0%         N/A       100%        5
 Metabolic Englaciation   Hex/Ice        0%         N/A       100%        5
 Yara's Violent Unravell  Hex/Tmut       0%         3d3       100%        5
 Iron Shot                Conj/Erth      0%         9d1       100%        6
 Enfeeble                 Hex            0%         N/A       100%        7
 Ozocubu's Refrigeration  Ice            0%         4d5       100%        7
 Animate Armour           Summ/Erth      Unusable   N/A       N/A         4
 Simulacrum               Ice/Necr       Unusable   N/A       N/A         6

Dungeon Overview and Level Annotations

Branches:
Dungeon (9/15)             Temple (0/1) D:5            Lair (5/6) D:8
 Shoals (0/4) Lair:3       Spider (0/4) Lair:4
  Slime: Lair:5-6       Orc: D:9-12

Altars:
Hepliaklqana
Okawaru

Annotations:
D:3 exclusion: 2 downstairs
D:7 exclusion: downstairs
D:8 exclusion: downstairs
D:9 Erolcha
Lair:3 exclusion: downstairs
Lair:5 Snorg


Innate Abilities, Weirdness & Mutations

Your natural rate of healing is accelerated.
You have razor-sharp teeth.
You have supernaturally acute eyesight. (SInv)
You are afflicted with vampirism and can become a bat while bloodless.


Message History

Okawaru accepts your kill.
You hit the hell rat but do no damage. x2; You hit the hell rat.
You burn the hell rat. Snorg bites you.
* * * LOW HITPOINT WARNING * * *
Snorg completely misses you. Snorg claws you but does no damage.
Unknown command.
You hit Snorg. You burn Snorg.
Snorg is heavily wounded.
Your plate armour prevents you from hitting the hell rat.
You hit the hell rat but do no damage. You closely miss the hell rat.
The hell rat bites you.
* * * LOW HITPOINT WARNING * * *
You feel drained.
* * * LOW HITPOINT WARNING * * *
The hell rat bites you.
* * * LOW HITPOINT WARNING * * *
The hell rat bites you but does no damage.
Unknown command.
You slash Snorg! You burn Snorg. Your bite misses Snorg.
Snorg is severely wounded.
You hit the hell rat but do no damage. You hit the hell rat.
You burn the hell rat. You barely miss the hell rat. Snorg bites you!
* * * LOW HITPOINT WARNING * * *
Snorg claws you but does no damage. Snorg claws you.
* * * LOW HITPOINT WARNING * * *
Unknown command.
You barely miss Snorg. Your bite misses Snorg.
Snorg is severely wounded.
You hit the hell rat. You burn the hell rat. You slash the hell rat!
You burn the hell rat. You slash the hell rat! You burn the hell rat.
The hell rat bites you but does no damage.
You slice Snorg!! You burn Snorg!
Snorg is almost dead.
You hit the hell rat but do no damage. You slice the hell rat!!
You burn the hell rat.
You kill the hell rat!
Okawaru accepts your kill.
You hit the hell rat. You burn the hell rat. The hell rat closely misses you.
Snorg bites you but does no damage. Snorg claws you!
You die...

# .# # ## ####.#
..####P##...P.#.
.......r........
........@T......
#......r........
#.......#....#P.
##.....###..##
#..... ..#
#..... ....
#..... ...#
#..... .###
......


You could see Snorg (berserk) and 2 hell rats.

Vanquished Creatures
  4 hydras
  Harold (D:9)
  A catoblepas (Lair:2)
  A two-headed ogre (D:9)
  Pikel (D:5)
  2 black mambas
  Maggie (D:8)
  10 cane toads
  4 komodo dragons
  A hornet (D:8)
  Prince Ribbit (D:7)
  A polar bear (Lair:1)
  8 blink frogs (Lair:4)
  Sigmund (D:5)
  30 yaks
  2 steam dragons
  4 vampire mosquitoes
  A basilisk (Lair:2)
  14 water moccasins
  5 black bears
  An ice beast (D:7)
  7 ogres
  2 necrophages
  12 wolves
  4 lemures (D:5)
  3 centaurs
  12 bullfrogs
  A kobold brigand (D:8)
  Blork the orc (D:5)
  4 scorpions
  2 water moccasin skeletons
  7 wights
  5 electric eels (D:6)
  3 howler monkeys
  A centaur zombie (D:9)
  5 jellies
  A hound (D:7)
  2 orc priests
  A gnoll shaman (D:5)
  A centaur skeleton (D:4)
  Jessica (D:3)
  Natasha (thrice) (D:3)
  An iguana (D:6)
  5 orc wizards
  2 hell rats (Lair:5)
  A killer bee zombie (D:6)
  6 gnolls
  10 adders
  A shadow imp (D:6)
  2 ufetubi
  2 worms (D:2)
  2 dart slugs
  21 orcs
  9 ball pythons
  5 endoplasms
  3 giant cockroaches
  2 goblins
  5 hobgoblins
  3 jackals (D:2)
  5 quokkas
  3 bats
  A frilled lizard (D:1)
  9 kobolds
  4 rats
274 creatures vanquished.

Vanquished Creatures (others)
  2 demonic plants (D:2)
  57 fungi
  53 plants
112 creatures vanquished.

Grand Total: 386 creatures vanquished

Notes
Turn   | Place    | Note
-------+----------+-------------------------------------------
     0 | D:1      | traveller the Vampire Wanderer began the quest for the Orb.
     0 | D:1      | traveller set off with the following items: a +0 war axe, a
                  | scroll of vulnerability, a +0 pair of boots, a +0 leather
                  | armour
     0 | D:1      | Reached XP level 1. HP: 16/16 MP: 1/1
   154 | D:1      | Reached XP level 2. HP: 15/22 MP: 2/2
   212 | D:1      | Reached skill level 5 in Axes
   923 | D:2      | Found a faded altar of an unknown god.
  1049 | D:2      | Gained mutation: You are afflicted with vampirism and can
                  | become a bat while bloodless. [Vampire growth]
  1049 | D:2      | Reached XP level 3. HP: 27/27 MP: 3/3
  1425 | D:3      | Noticed Natasha
  1433 | D:3      | Killed Natasha
  1434 | D:3      | Reached XP level 4. HP: 17/33 MP: 4/4
  1624 | D:3      | Found an iron altar of Okawaru.
  1671 | D:3      | Became a worshipper of Warmaster Okawaru
  1738 | D:3      | Reached skill level 6 in Axes
  2011 | D:3      | Noticed Jessica
  2036 | D:3      | Killed Jessica
  2037 | D:3      | Reached XP level 5. HP: 34/38 MP: 5/5
  2185 | D:3      | Noticed Natasha
  2193 | D:3      | Killed Natasha
  2572 | D:3      | Noticed Natasha
  2583 | D:3      | Killed Natasha
  2845 | D:4      | Noticed an ogre
  3019 | D:4      | Reached * piety under Okawaru
  3134 | D:4      | Noticed an ogre
  3270 | D:4      | Reached XP level 6. HP: 41/44 MP: 6/6
  3318 | D:4      | Reached skill level 7 in Axes
  3464 | D:4      | Reached XP level 7. HP: 39/49 MP: 7/7
  3600 | D:4      | Reached ** piety under Okawaru
  3874 | D:5      | Entered Level 5 of the Dungeon
  4038 | D:4      | Reached skill level 8 in Axes
  4411 | D:5      | Found a staircase to the Ecumenical Temple.
  4523 | D:5      | Reached XP level 8. HP: 52/57 MP: 8/8
  4558 | D:5      | Noticed Blork the orc
  4562 | D:5      | Killed Blork the orc
  4774 | D:5      | Noticed Sigmund
  4806 | D:5      | Killed Sigmund
  5100 | D:5      | Reached skill level 9 in Axes
  5112 | D:5      | Reached *** piety under Okawaru
  5464 | D:5      | Noticed Pikel
  5482 | D:5      | Killed Pikel
  5483 | D:5      | Reached skill level 5 in Fighting
  5483 | D:5      | Reached XP level 9. HP: 29/68 MP: 6/9
  5925 | D:6      | Reached **** piety under Okawaru
  6181 | D:6      | Reached skill level 10 in Axes
  7189 | D:7      | Noticed Prince Ribbit
  7217 | D:7      | Killed Prince Ribbit
  8348 | D:8      | Reached ***** piety under Okawaru
  8368 | D:8      | Reached skill level 11 in Axes
  8368 | D:8      | Reached XP level 10. HP: 22/79 MP: 8/10
  8570 | D:8      | Noticed Maggie
  8595 | D:8      | Killed Maggie
  9352 | D:8      | Found a staircase to the Lair.
 10032 | D:9      | Identified the ring "Puriw" {rC- EV+4 Int+4}
 10084 | D:9      | Noticed a two-headed ogre
 10093 | D:9      | Killed a two-headed ogre
 10094 | D:9      | Reached skill level 12 in Axes
 10094 | D:9      | Reached skill level 5 in Armour
 10263 | D:9      | Noticed Harold
 10291 | D:9      | Killed Harold
 10314 | D:9      | Identified the +9 short sword of Tenacity {vorpal, rElec
                  | MP+9 Int-4}
 10511 | D:9      | Noticed Erolcha
 10532 | Lair:1   | Entered Level 1 of the Lair of Beasts
 10570 | Lair:1   | Identified the +0 broad axe of Zannio {vamp, rPois Int+4}
                  | (Okawaru gifted it to you on level 1 of the Lair of Beasts)
 10570 | Lair:1   | Received a gift from Okawaru
 10601 | Lair:1   | Noticed a cane toad
 10616 | Lair:1   | Killed a cane toad
 10617 | Lair:1   | Reached XP level 11. HP: 84/87 MP: 8/11
 11736 | Lair:1   | Reached skill level 13 in Axes
 11881 | Lair:2   | Noticed a catoblepas
 12072 | Lair:2   | Killed a catoblepas
 12503 | Lair:2   | Identified the +6 triple crossbow of Integrity {flame,
                  | rPois Str+4 SInv} (Okawaru gifted it to you on level 2 of
                  | the Lair of Beasts)
 12503 | Lair:2   | Received a gift from Okawaru
 13154 | Lair:2   | Noticed a four-headed hydra
 13478 | Lair:2   | Killed a one-headed hydra
 13478 | Lair:2   | Reached ****** piety under Okawaru
 13560 | Lair:2   | Found a hazy altar of Hepliaklqana.
 13566 | Lair:2   | Noticed a four-headed hydra
 13580 | Lair:2   | Killed a one-headed hydra
 13638 | Lair:2   | Reached XP level 12. HP: 86/94 MP: 12/12
 13828 | Lair:2   | Reached skill level 14 in Axes
 14014 | Lair:3   | Noticed an eight-headed hydra
 14032 | Lair:3   | Killed a two-headed hydra
 14032 | Lair:3   | Received a gift from Okawaru
 14211 | Lair:3   | Found a staircase to the Shoals.
 15087 | Lair:3   | Reached skill level 1 in Invocations
 15877 | Lair:4   | Noticed an eight-headed hydra
 15888 | Lair:4   | Killed a four-headed hydra
 16091 | Lair:4   | Received a gift from Okawaru
 16202 | Lair:4   | Reached skill level 5 in Invocations
 16357 | Lair:4   | Found a hole to the Spider Nest.
 16831 | Lair:4   | Received a gift from Okawaru
 17057 | Lair:5   | Noticed Snorg
 17068 | Lair:5   | HP: 1/91 [Snorg (6)]
 17070 | Lair:5   | Mangled by Snorg

Illustrated notes

Levels and vault maps discovered:
D:1:      lemuel_arrival_broad_hall, layout_basic, minmay_misc_feat_roman,
          grunt_decor_mini_mirrors, chequers_mini_garden
D:2:      minmay_general_purpose_star, layout_basic,
          shapermc_ecumenical_altar_gd, minmay_quadrilaterals
D:3:      layout_basic, lemuel_round_altar, st_stairs_13, uniq_natasha,
          uniq_jessica
D:4:      minmay_thinvault, layout_loops_ring
D:5:      layout_cave_pods, minmay_temple_entry_sparse_star, uniq_sigmund,
          uniq_pikel, uniq_blork_the_orc
D:6:      layout_basic, chequers_big_river
D:7:      layout_basic, eino_tiny_chamber, uniq_prince_ribbit1
D:8:      layout_layer_cave, due_lair_maze_entry_diamond, minmay_misc_feat_room,
          uniq_maggie
D:9:      layout_long_grid, minmay_fire_ice_demons, uniq_erolcha, uniq_harold
Lair:1:   layout_loops_ring
Lair:2:   layout_cave_pods, basic_altar, grunt_megastairs_5
Lair:3:   layout_hall_layers, elwin_shoals_entry_rocks, beast_lair_carwin_6,
          lemuel_fruit_tree
Lair:4:   layout_cellular_growth, nicolae_spider_entry_orb_guardian
Lair:5:   layout_regular_city, infiniplex_staircase_pool, uniq_snorg

Skill      XL: |  1  2  3  4  5  6  7  8  9 10 11 12 |
---------------+-------------------------------------+-----
Axes           | 5 6 7 8 9 11 12 13 14 | 14.4
Armour         | 3 4 5 8 |  8.5
Fighting       | 2 5 7 8 9 |  9.1
Invocations    | 6 |  6.5
Dodging        | |  1.1
Stealth        | |  1.5

Action                   |  1- 3 |  4- 6 |  7- 9 | 10-12 || total
-------------------------+-------+-------+-------+-------++-------
Melee: War axe           |   110 |   144 |   302 |   642 ||  1198
       Bite              |    15 |    14 |    21 |    75 ||   125
       Punch             |       |       |       |     2 ||     2
       Battleaxe         |       |       |       |    10 ||    10
Throw: Stone             |       |     2 |     1 |     8 ||    11
Invok: Heroism           |       |       |     5 |    21 ||    26
       Finesse           |       |       |       |     2 ||     2
Evoke: Wand              |       |       |    15 |     2 ||    17
  Use: Scroll            |     3 |     4 |     6 |     6 ||    19
       Potion            |       |     1 |       |     3 ||     4
 Stab: Sleeping          |     2 |       |       |       ||     2
Armor: Leather armour    |     1 |       |       |       ||     1
       Ring mail         |    38 |    58 |       |       ||    96
       Plate armour      |       |    13 |   214 |   384 ||   611
Dodge: Dodged            |    61 |    50 |    82 |   184 ||   377

Table legend: (Time is in decaauts)
 A = Elapsed time spent in this place.
 B = Non-inter-level travel time spent in this place.
 C = Inter-level travel time spent in this place.
 D = Time resting spent in this place.
 E = Time spent auto-exploring this place.
 F = Levels seen in this place.
 G = Mean time per level.
                   A        B        C        D        E       F      G
               +--------+--------+--------+--------+--------+-----+--------+
         Total |  17005 |  16453 |    552 |   4729 |   8418 |  14 | 1214.6 |
       Dungeon |  10561 |  10165 |    396 |   2222 |   5768 |   9 | 1173.4 |
          Lair |   6443 |   6288 |    155 |   2506 |   2650 |   5 | 1288.6 |
               +--------+--------+--------+--------+--------+-----+--------+

Top non-repeatable levels by time:
  Lair:3: 1952 daAuts
  Lair:1: 1731 daAuts
     D:8: 1712 daAuts
  Lair:2: 1701 daAuts
     D:5: 1617 daAuts
     D:4: 1403 daAuts
     D:6: 1394 daAuts
     D:3: 1217 daAuts
     D:7: 1215 daAuts
  Lair:4: 1049 daAuts
     D:2: 888 daAuts
     D:1: 633 daAuts
     D:9: 479 daAuts
  Lair:5: 10 daAuts
